TOP OF THE 1ST |
Butler White Sox batting - Pitching for Kingston Iguanas : RHP Rafael Marín
|
Pitching: RHP Rafael Marín
|
|
Batting: RHB Luis Fuentes
|
0-0: Ball 1-0: Called Strike 1-1: Ball 2-1: Swinging Strike 2-2: Ball 3-2: Fly out, F7 (Flyball, 78D)
|
Batting: LHB Sam Haynes
|
0-0: Ball 1-0: Called Strike 1-1: Swinging Strike 1-2: Strikes out swinging
|
Batting: SHB Ben Marks
|
0-0: Ball 1-0: Called Strike 1-1: Ball 2-1: Ball 3-1: Called Strike 3-2: Fly out, F8 (Flyball, 8LXD)
|
Top of the 1st over - 0 runs, 0 hits, 0 errors, 0 left on base; Butler 0 - Kingston 0 |
BOTTOM OF THE 1ST |
Kingston Iguanas batting - Pitching for Butler White Sox : RHP Scott King
|
Pitching: RHP Scott King
|
|
Batting: RHB Ron Campbell
|
0-0: Ball 1-0: Ball 2-0: Foul Ball, location: 2F 2-1: Ground out 4-3 (Groundball, 4)
|
Batting: RHB Argan Kamuliva
|
0-0: Ball 1-0: Called Strike 1-1: Swinging Strike 1-2: Foul Ball, location: 2F 1-2: Strikes out looking
|
Batting: LHB Gustavo Gómez
|
0-0: Foul Ball, location: 2F 0-1: Swinging Strike 0-2: Strikes out swinging
|
Bottom of the 1st over - 0 runs, 0 hits, 0 errors, 0 left on base; Butler 0 - Kingston 0 |
TOP OF THE 2ND |
Butler White Sox batting - Pitching for Kingston Iguanas : RHP Rafael Marín
|
Batting: LHB Jim Knight
|
0-0: Ball 1-0: Called Strike 1-1: Ball 2-1: Ground out 6-3 (Groundball, 6)
|
Batting: LHB Josh Pérez
|
0-0: Called Strike 0-1: Ball 1-1: Ball 2-1: Called Strike 2-2: Foul Ball, location: 2F 2-2: Ground out 4-3 (Groundball, 4)
|
Batting: SHB Giel Molendijk
|
0-0: Ball 1-0: Foul Ball, location: 2F 1-1: Called Strike 1-2: Strikes out swinging
|
Top of the 2nd over - 0 runs, 0 hits, 0 errors, 0 left on base; Butler 0 - Kingston 0 |
BOTTOM OF THE 2ND |
Kingston Iguanas batting - Pitching for Butler White Sox : RHP Scott King
|
Batting: RHB Bob Lee
|
0-0: Called Strike 0-1: Ball 1-1: Ball 2-1: Ball 3-1: SINGLE (Line Drive, 8LS)
|
Batting: RHB Andrés Bustamante
|
0-0: Ball 1-0: Swinging Strike 1-1: Swinging Strike 1-2: Strikes out looking
|
Batting: RHB Tim Davis
|
0-0: Ball 1-0: Called Strike 1-1: Ball 2-1: Foul Ball, location: 2F 2-2: Fly out, F8 (Flyball, 89D)
|
Batting: RHB Sergio Mata
|
0-0: Called Strike 0-1: Ball 1-1: Foul Ball, location: 2F 1-2: Fly out, F6 (Popup, 6S)
|
Bottom of the 2nd over - 0 runs, 1 hit, 0 errors, 1 left on base; Butler 0 - Kingston 0 |
TOP OF THE 3RD |
Butler White Sox batting - Pitching for Kingston Iguanas : RHP Rafael Marín
|
Batting: RHB Ángel Serrano
|
0-0: Ball 1-0: Swinging Strike 1-1: Fly out, F8 (Flyball, 8RM)
|
Batting: RHB Jerry Moore
|
0-0: Ball 1-0: Fly out, F7 (Flyball, 7LS)
|
Batting: LHB Denny Allen
|
0-0: Fly out, F9 (Flyball, 9)
|
Top of the 3rd over - 0 runs, 0 hits, 0 errors, 0 left on base; Butler 0 - Kingston 0 |
BOTTOM OF THE 3RD |
Kingston Iguanas batting - Pitching for Butler White Sox : RHP Scott King
|
Batting: RHB Manuel Gómez
|
0-0: Foul Ball, location: 2F 0-1: Ball 1-1: Ground out 6-3 (Groundball, 6MS)
|
Batting: RHB Pepe González
|
0-0: SOLO HOME RUN (Flyball, 7LD), Distance : 351 ft
|
Batting: RHB Ron Campbell
|
0-0: Ball 1-0: Ball 2-0: Ball 3-0: Called Strike 3-1: Ground out 6-3 (Groundball, 6)
|
Batting: RHB Argan Kamuliva
|
0-0: Ball 1-0: Ball 2-0: Foul Ball, location: 2F 2-1: Swinging Strike 2-2: Strikes out swinging
|
Bottom of the 3rd over - 1 run, 1 hit, 0 errors, 0 left on base; Butler 0 - Kingston 1 |
TOP OF THE 4TH |
Butler White Sox batting - Pitching for Kingston Iguanas : RHP Rafael Marín
|
Batting: RHB Luis Fuentes
|
0-0: Ball 1-0: Ball 2-0: Swinging Strike 2-1: Ball 3-1: Foul Ball, location: 2F 3-2: Base on Balls
|
Batting: LHB Sam Haynes
|
0-0: Called Strike 0-1: Foul Ball, location: 2F 0-2: Ball 1-2: Strikes out swinging
|
Batting: SHB Ben Marks
|
0-0: Ball 1-0: Ball 2-0: Ball 3-0: Base on Balls Luis Fuentes to second
|
Batting: LHB Jim Knight
|
0-0: Ball 1-0: Ball 2-0: Called Strike 2-1: Swinging Strike 2-2: Foul Ball, location: 2F 2-2: Foul Ball, location: 2F 2-2: Foul Ball, location: 2F 2-2: Strikes out swinging
|
Batting: LHB Josh Pérez
|
0-0: Ball 1-0: Swinging Strike 1-1: Ball 2-1: Foul Ball, location: 2F 2-2: Foul Ball, location: 2F 2-2: Strikes out looking
|
Top of the 4th over - 0 runs, 0 hits, 0 errors, 2 left on base; Butler 0 - Kingston 1 |
BOTTOM OF THE 4TH |
Kingston Iguanas batting - Pitching for Butler White Sox : RHP Scott King
|
Batting: LHB Gustavo Gómez
|
0-0: Foul Ball, location: 2F 0-1: Ground out 4-3 (Groundball, 4)
|
Batting: RHB Bob Lee
|
0-0: Ball 1-0: Called Strike 1-1: Ball 2-1: Called Strike 2-2: SINGLE (Groundball, 56D)
|
Batting: RHB Andrés Bustamante
|
0-0: Ball 1-0: DOUBLE (Line Drive, 89D) Bob Lee to third
|
Batting: RHB Tim Davis
|
0-0: Ball 1-0: Ball 2-0: Ball 3-0: Base on Balls
|
Batting: RHB Sergio Mata
|
0-0: Called Strike 0-1: Foul Ball, location: 2F 0-2: Ball 1-2: Foul Ball, location: 2F 1-2: Ball 2-2: Ball 3-2: SINGLE (Flyball, 8LM) Bob Lee scores Andrés Bustamante to third Tim Davis to second
|
Batting: RHB Manuel Gómez
|
0-0: Ball 1-0: Ball 2-0: Ball 3-0: Base on Balls Andrés Bustamante scores Tim Davis to third Sergio Mata to second
|
Batting: RHB Pepe González
|
0-0: Ball 1-0: Ball 2-0: Ball 3-0: Base on Balls Tim Davis scores Sergio Mata to third Manuel Gómez to second
|
Batting: RHB Ron Campbell
|
0-0: Ball 1-0: Ball 2-0: Ball 3-0: Called Strike 3-1: Base on Balls Sergio Mata scores Manuel Gómez to third Pepe González to second
|
Pitching: RHP Carlos Olmedo
|
|
Batting: RHB Argan Kamuliva
|
0-0: Called Strike 0-1: Foul Ball, location: 2F 0-2: Foul Ball, location: 2F 0-2: Strikes out swinging
|
Batting: LHB Gustavo Gómez
|
0-0: Ball 1-0: DOUBLE (Line Drive, 8LXD) Manuel Gómez scores Pepe González scores Ron Campbell to third
|
Batting: RHB Bob Lee
|
0-0: Ball 1-0: Called Strike 1-1: Fly out, F6 (Popup, P)
|
Bottom of the 4th over - 6 runs, 4 hits, 0 errors, 2 left on base; Butler 0 - Kingston 7 |
TOP OF THE 5TH |
Butler White Sox batting - Pitching for Kingston Iguanas : RHP Rafael Marín
|
Batting: SHB Giel Molendijk
|
0-0: Called Strike 0-1: Called Strike 0-2: Ground out 5-3 (Groundball, 5)
|
Batting: RHB Ángel Serrano
|
0-0: Swinging Strike 0-1: Hit by Pitch
|
Batting: RHB Jerry Moore
|
0-0: SINGLE (Groundball, 6MD) Ángel Serrano to second
|
Batting: LHB Denny Allen
|
0-0: Foul Ball, location: 2F 0-1: Ball 1-1: Called Strike 1-2: Strikes out swinging
|
Batting: RHB Luis Fuentes
|
0-0: Ball 1-0: Swinging Strike 1-1: Ball 2-1: Ground out U3 (Groundball, 34)
|
Top of the 5th over - 0 runs, 1 hit, 0 errors, 2 left on base; Butler 0 - Kingston 7 |
BOTTOM OF THE 5TH |
Kingston Iguanas batting - Pitching for Butler White Sox : RHP Carlos Olmedo
|
Batting: RHB Andrés Bustamante
|
0-0: Ground out 4-3 (Groundball, 4S)
|
Batting: RHB Tim Davis
|
0-0: Called Strike 0-1: Ball 1-1: Ball 2-1: Ball 3-1: Base on Balls
|
Batting: RHB Sergio Mata
|
0-0: Ball 1-0: Ball 2-0: Ball 3-0: Base on Balls Tim Davis to second
|
Batting: RHB Manuel Gómez
|
0-0: Called Strike 0-1: Ball 1-1: Ball 2-1: Swinging Strike 2-2: Fly out, F7 (Line Drive, 78M)
|
Batting: RHB Pepe González
|
0-0: Ball 1-0: SINGLE (Line Drive, 9S) Tim Davis to third Sergio Mata to second
|
Batting: RHB Ron Campbell
|
0-0: Called Strike 0-1: Foul Ball, location: 2F 0-2: Ball 1-2: Ground out 1-3 (Groundball, 13)
|
Bottom of the 5th over - 0 runs, 1 hit, 0 errors, 3 left on base; Butler 0 - Kingston 7 |
TOP OF THE 6TH |
Butler White Sox batting - Pitching for Kingston Iguanas : RHP Rafael Marín
|
Batting: LHB Sam Haynes
|
0-0: Foul Ball, location: 2F 0-1: Ground out 1-3 (Groundball, 15)
|
Batting: SHB Ben Marks
|
0-0: Ball 1-0: Ball 2-0: Foul Ball, location: 2F 2-1: Fly out, F8 (Line Drive, 78D)
|
Batting: LHB Jim Knight
|
0-0: Called Strike 0-1: Swinging Strike 0-2: Fly out, F8 (Line Drive, 8LD)
|
Top of the 6th over - 0 runs, 0 hits, 0 errors, 0 left on base; Butler 0 - Kingston 7 |
BOTTOM OF THE 6TH |
Kingston Iguanas batting - Pitching for Butler White Sox : RHP Carlos Olmedo
|
Batting: RHB Argan Kamuliva
|
0-0: Called Strike 0-1: Called Strike 0-2: Strikes out swinging
|
Batting: LHB Gustavo Gómez
|
0-0: Ball 1-0: SOLO HOME RUN (Flyball, 9D), Distance : 355 ft
|
Batting: RHB Bob Lee
|
0-0: Ground out 5-3 (Groundball, 56S)
|
Batting: RHB Andrés Bustamante
|
0-0: Foul Ball, location: 2F 0-1: Ball 1-1: Ball 2-1: Called Strike 2-2: Ball 3-2: Foul Ball, location: 2F 3-2: Base on Balls
|
Batting: RHB Tim Davis
|
0-0: Swinging Strike 0-1: Swinging Strike 0-2: Ball 1-2: Ball 2-2: Ball 3-2: Foul Ball, location: 2F 3-2: Base on Balls Andrés Bustamante to second
|
Batting: RHB Sergio Mata
|
0-0: Ball 1-0: SINGLE (Line Drive, 9S) Andrés Bustamante to third Tim Davis to second Runner from 3rd tries for Home, SAFE, throw made home
|
Batting: RHB Manuel Gómez
|
0-0: Ball 1-0: Fielders Choice at 2nd, 5-4 (Groundball, 56)
|
Bottom of the 6th over - 2 runs, 2 hits, 0 errors, 2 left on base; Butler 0 - Kingston 9 |
TOP OF THE 7TH |
Butler White Sox batting - Pitching for Kingston Iguanas : RHP Rafael Marín
|
Batting: LHB Josh Pérez
|
0-0: Ball 1-0: Ball 2-0: SINGLE (Line Drive, 4MD)
|
Batting: SHB Giel Molendijk
|
0-0: Ball 1-0: Foul Ball, location: 2F 1-1: Grounds into double play, 4-6-3 (Groundball, 4)
|
Batting: RHB Ángel Serrano
|
0-0: Ball 1-0: Foul Ball, location: 2F 1-1: Swinging Strike 1-2: Foul Ball, location: 2F 1-2: Ball 2-2: Ball 3-2: Foul Ball, location: 2F 3-2: Strikes out swinging
|
Top of the 7th over - 0 runs, 1 hit, 0 errors, 0 left on base; Butler 0 - Kingston 9 |
BOTTOM OF THE 7TH |
Kingston Iguanas batting - Pitching for Butler White Sox : RHP Carlos Olmedo
|
Batting: RHB Pepe González
|
0-0: Called Strike 0-1: SINGLE (Line Drive, 9LS)
|
Pitching: RHP Juan Silva
|
|
Batting: RHB Ron Campbell
|
0-0: Ball 1-0: Ball 2-0: Foul Ball, location: 2F 2-1: Ball 3-1: Base on Balls Pepe González to second
|
Batting: RHB Argan Kamuliva
|
0-0: Called Strike 0-1: Foul Ball, location: 2F 0-2: Strikes out swinging
|
Batting: LHB Gustavo Gómez
|
0-0: Foul Ball, location: 2F 0-1: Foul Ball, location: 2F 0-2: Ball 1-2: Fly out, F9 (Flyball, 89M)
|
Batting: RHB Bob Lee
|
0-0: Called Strike 0-1: Fly out, F7 (Flyball, 7)
|
Bottom of the 7th over - 0 runs, 1 hit, 0 errors, 2 left on base; Butler 0 - Kingston 9 |
TOP OF THE 8TH |
Butler White Sox batting - Pitching for Kingston Iguanas : RHP Rafael Marín
|
Pitching: LHP Javier Robles
|
|
Now at 1B: Rubén Hernández
|
|
Batting: RHB Jerry Moore
|
0-0: Swinging Strike 0-1: Swinging Strike 0-2: Foul Ball, location: 2F 0-2: Ball 1-2: Strikes out swinging
|
Batting: LHB Denny Allen
|
0-0: Ball 1-0: Ball 2-0: Swinging Strike 2-1: Ball 3-1: Foul Ball, location: 2F 3-2: Strikes out looking
|
Batting: RHB Luis Fuentes
|
0-0: Ball 1-0: Called Strike 1-1: Ball 2-1: Foul Ball, location: 2F 2-2: Ground out 5-3 (Groundball, 56)
|
Top of the 8th over - 0 runs, 0 hits, 0 errors, 0 left on base; Butler 0 - Kingston 9 |
BOTTOM OF THE 8TH |
Kingston Iguanas batting - Pitching for Butler White Sox : RHP Juan Silva
|
Batting: RHB Andrés Bustamante
|
0-0: Called Strike 0-1: Called Strike 0-2: Foul Ball, location: 2F 0-2: Ball 1-2: Ball 2-2: Foul Ball, location: 2F 2-2: Ball 3-2: Fly out, F7 (Line Drive, 78M)
|
Batting: RHB Tim Davis
|
0-0: Called Strike 0-1: Fly out, F7 (Line Drive, 7)
|
Batting: RHB Sergio Mata
|
0-0: Called Strike 0-1: Foul Ball, location: 2F 0-2: Foul Ball, location: 2F 0-2: Ball 1-2: Ball 2-2: Ball 3-2: Base on Balls
|
Batting: RHB Manuel Gómez
|
0-0: 2-RUN HOME RUN (Flyball, 7LD), Distance : 336 ft
|
Batting: RHB Pepe González
|
0-0: Fly out, F7 (Flyball, 7)
|
Bottom of the 8th over - 2 runs, 1 hit, 0 errors, 0 left on base; Butler 0 - Kingston 11 |
TOP OF THE 9TH |
Butler White Sox batting - Pitching for Kingston Iguanas : LHP Javier Robles
|
Batting: LHB Sam Haynes
|
0-0: Called Strike 0-1: Ball 1-1: Foul Ball, location: 2F 1-2: Ball 2-2: Ball 3-2: Foul Ball, location: 2F 3-2: Foul Ball, location: 2F 3-2: Foul Ball, location: 2F 3-2: Strikes out swinging
|
Batting: SHB Ben Marks
|
0-0: Fly out, F8 (Line Drive, 8RD)
|
Batting: LHB Jim Knight
|
0-0: Ball 1-0: Ball 2-0: Swinging Strike 2-1: Called Strike 2-2: Fly out, F7 (Flyball, 7S)
|
Top of the 9th over - 0 runs, 0 hits, 0 errors, 0 left on base; Butler 0 - Kingston 11 |
|